 Dungeon Crawl Stone Soup version 0.30-a0-311-gf115ab0292 (webtiles) character file.

Game seed: 875259882000925447

2 hikkokomori the Conjurer (level 1, -2/14 HPs)
             Began as a Demigod Conjurer on Oct 25, 2022.
             Slain by a gnoll
             ... wielding a +0 whip
              (3 damage)
             ... on level 1 of the Dungeon.
             The game lasted 00:00:39 (139 turns).

hikkokomori the Conjurer (Demigod Conjurer)          Turns: 139, Time: 00:00:40

Health: -2/14      AC:  2    Str:  8    XL:     1   Next: 20%
Magic:  0/5        EV: 12    Int: 20    God:
Gold:   0          SH:  0    Dex: 12    Spells: 2/3 levels left

rFire   . . .      SeeInvis .    (no weapon)
rCold   . . .      Faith    .    (no shield)
rNeg    . . .      Spirit   .    a - +0 robe
rPois   .          Reflect  .    (no helmet)
rElec   .          Harm     .    (no cloak)
rCorr   .          Rampage  .    (no gloves)
Will    .....                    (no boots)
Stlth   ++........               (no amulet)
HPRegen 0.22/turn                (no ring)
MPRegen 0.09/turn                (no ring)

@: no status effects
A: high MP 1, forlorn, divine attributes
a: no special abilities


You were on level 1 of the Dungeon.
You visited 1 branch of the dungeon, and saw 1 of its levels.

Inventory:

Armour
 a - a +0 robe (worn)
Potions
 b - a potion of magic


   Skills:
 + Level 0.2 Fighting
 - Level 1.7 Dodging
 - Level 1.7 Stealth
 - Level 1.7 Spellcasting
 + Level 3.6 Conjurations


You had 2 spell levels left.
You knew the following spells:

 Your Spells              Type           Power      Damage    Failure   Level
a - Magic Dart            Conj           64%        1d6       3%          1

Your spell library contained the following spells:

 Spells                   Type           Power      Damage    Failure   Level
 Searing Ray              Conj           32%        2d5       5%          2
 Dazzling Flash           Conj/Hex       18%        N/A       22%         3
 Fulminant Prism          Conj/Hex       4%         3d6       58%         4
 Iskenderun's Mystic Bla  Conj/Tloc      9%         2d4       58%         4


Dungeon Overview and Level Annotations

Branches:
Dungeon (1/15)


Innate Abilities, Weirdness & Mutations

You have an increased reservoir of magic. (+10% MP)
You shall have no god before yourself.
Your divine heritage dramatically boosts your attributes as you level up.


Message History

Aiming: Magic Dart (safe; 3% risk of failure)
Press: ? - help, Shift-Dir - straight line, f/p - gnoll
Aim: a gnoll, wielding a +0 whip (almost dead, 100% to hit)
The magic dart hits the gnoll but does no damage.
The gnoll is almost dead.
Casting: Magic Dart (safe; 3% risk of failure)
Confirm with . or Enter, or press ? or * to list all spells.
Aiming: Magic Dart (safe; 3% risk of failure)
Press: ? - help, Shift-Dir - straight line, f/p - gnoll
Aim: a gnoll, wielding a +0 whip (severely wounded, 100% to hit)
The magic dart hits the gnoll.
The gnoll is almost dead.
You barely miss the gnoll.
The gnoll is almost dead.
The gnoll barely misses you.
You hit the gnoll but do no damage.
The gnoll is almost dead.
The gnoll closely misses you.
You closely miss the gnoll.
The gnoll is almost dead.
The gnoll closely misses you.
You hit the gnoll.
The gnoll is almost dead.
The gnoll hits you with a +0 whip!
Ouch! That really hurt!
You barely miss the gnoll.
The gnoll is almost dead.
The gnoll misses you.
You hit the gnoll but do no damage.
The gnoll is almost dead.
The gnoll closely misses you.
Okay, then.
You closely miss the gnoll.
The gnoll is almost dead.
The gnoll hits you with a +0 whip.
* * * LOW HITPOINT WARNING * * *
You hit the gnoll but do no damage.
The gnoll is almost dead.
The gnoll hits you with a +0 whip.
You die...

..#.###.#..†.......#
...r.......#.#.....#
...###......#.....#
#.###### ##### #.#
#.# #r# #g# #@#
#........ #####.##.


You could see a gnoll and a quokka.

Vanquished Creatures
  A hobgoblin (D:1)
  A rat (D:1)
2 creatures vanquished.

Notes
Turn   | Place    | Note
-------+----------+-------------------------------------------
     0 | D:1      | hikkokomori the Demigod Conjurer began the quest for the
                  | Orb.
     0 | D:1      | Reached XP level 1. HP: 14/14 MP: 5/5
   139 | D:1      | Slain by a gnoll

Illustrated notes

Levels and vault maps discovered:
D:1:      matt_arrival_spirals, layout_loops_cross

Action                   || total
-------------------------++-------
Melee: Unarmed           ||     8
 Cast: Magic Dart        ||    11
Dodge: Dodged            ||     5

Table legend: (Time is in decaauts)
 A = Elapsed time spent in this place.
 B = Non-inter-level travel time spent in this place.
 C = Inter-level travel time spent in this place.
 D = Time resting spent in this place.
 E = Time spent auto-exploring this place.
 F = Levels seen in this place.
 G = Mean time per level.
                   A        B        C        D        E       F      G
               +--------+--------+--------+--------+--------+-----+--------+
         Total |    139 |    139 |      0 |     49 |     63 |   1 |  139.0 |
       Dungeon |    139 |    139 |      0 |     49 |     63 |   1 |  139.0 |
               +--------+--------+--------+--------+--------+-----+--------+

Top non-repeatable levels by time:
     D:1: 139 daAuts
